 Dungeon Crawl Stone Soup version 0.29.1-12-g30fa7ad0bf (webtiles) character file.

Game seed: 7050914249571716232

74 KittyFluff the Trooper (level 4, -4/29 HPs)
             Began as a Gargoyle Berserker on Jan 8, 2023.
             Was a Believer of Trog.
             Blown up by Ijyb (15 damage)
             ... with a mindburst bolt
             ... on level 3 of the Dungeon.
             The game lasted 00:07:59 (1930 turns).

KittyFluff the Trooper (Gargoyle Berserker)         Turns: 1930, Time: 00:08:00

Health: -4/29      AC:  9    Str: 24    XL:     4   Next: 28%
Magic:  4/4        EV: 27    Int:  7    God:    Trog [**....]
Gold:   90         SH:  0    Dex: 11    Spells: 3/3 levels left

rFire   . . .      SeeInvis .   a - +0 mace
rCold   . . .      Faith    .   (no shield)
rNeg    + . .      Spirit   .   f - +0 leather armour
rPois   ∞          Reflect  .   t - +2 hat
rElec   +          Harm     .   (no cloak)
rCorr   .          Rampage  .   (no gloves)
Will    .....                   (no boots)
Stlth   +.........              o - amulet of Ticvos {Acrobat Str+3}
HPRegen 0.09/turn               (no ring)
MPRegen 0.09/turn               (no ring)

@: acrobatic
A: sickness immunity, AC +3, negative energy resistance 1, electricity
resistance, torment resistance 1, petrification resistance
a: Renounce Religion, Berserk, Trog's Hand


You were on level 3 of the Dungeon.
You worshipped Trog.
Trog was pleased with you.
You visited 1 branch of the dungeon, and saw 3 of its levels.

You collected 90 gold pieces.

Inventory:

Hand Weapons
 a - a +0 mace (weapon)
Missiles
 l - 9 stones (quivered)
 p - 2 javelins
Armour
 c - a +0 scale mail
 f - a +0 leather armour (worn)
 q - a +0 ring mail
 t - a +2 hat (worn)
Jewellery
 o - the amulet of Ticvos (around neck) {Acrobat Str+3}
   (You found it on level 2 of the Dungeon)

   [amulet of the acrobat]

   It increases your evasion while moving and waiting.
   Str:       It affects your strength (+3).
Scrolls
 d - 2 scrolls of identify {unknown}
 h - a scroll of teleportation {unknown}
 j - 2 scrolls of fog {unknown}
 k - a scroll of immolation {unknown}
 s - a scroll of summoning {unknown}
Potions
 b - 2 potions of haste {unknown}
 e - a potion of curing {unknown}
 g - a potion of might {unknown}
 i - a potion of lignification {unknown}
 m - a potion of attraction {unknown}
 n - a potion of magic {unknown}
 r - 2 potions of degeneration {unknown}


   Skills:
 + Level 3.8 Fighting
 + Level 3.4 Maces & Flails
 * Level 3.5 Armour
 + Level 2.1 Dodging


You had 3 spell levels left.
You didn't know any spells.
Your spell library was empty.

Dungeon Overview and Level Annotations

Branches:
Dungeon (3/15)

Altars:

Shops:
D:3 (

Annotations:
D:3 Ijyb


Innate Abilities, Weirdness & Mutations

You are immune to sickness and miasma.
Your stone body is resilient. (AC +3)
You are immune to poison.
You resist negative energy. (rN+)
You are resistant to electric shocks. (rElec)
You are resistant to unholy torment.
You are immune to petrification.


Message History

You kill the hound!
Trog accepts your kill. The bat hits you but does no damage.
You have reached level 4!
You feel stronger.
You barely miss the bat. The bat hits you but does no damage.
The bat misses you.
You thump the bat!
You kill the bat!
Trog accepts your kill.
There is a stone staircase leading down here.
You start resting.
HP restored.
You climb downwards.
The ball python closely misses you. The ball python grabs you.
The ball python constricts you.
The ball python bites you but does no damage.
The ball python constricts you.
There is a stone staircase leading up here.
You barely miss the ball python. The ball python closely misses you.
The ball python constricts you.
You sock the ball python!
You kill the ball python!
Trog accepts your kill.
There is a stone staircase leading up here.
s - a scroll labelled XUMECETW BAUNA
Found an escape hatch in the ceiling.
Found Belellocaz's Antique Weapon Emporium.
Found a glowing hat.
You see here a +2 hat.
t - a +2 hat You start putting on your armour.
You continue putting on your +2 hat. x4
You finish putting on your +2 hat.
Ijyb the Twisted Goblin comes into view.
She is wielding a +0 club and carrying a wand of mindburst (15).
Ijyb screams, "Me stronger than you!"
Ijyb zaps a wand.
Your mind is blasted!
Ouch! That really hurt!
Ijyb screams, "Get away!"
Ijyb zaps a wand.
Your mind is blasted!
Ouch! That really hurt!
You die...

#.##.##.#
#... ..
#.##.##.#
#.......#
####.####
#..# ##.#
#.#
#.######
#.....@#
#.####.#
#.. ..#
#.....g#
#.......
#......#
#......#
########


You could see Ijyb.

Vanquished Creatures
  A hound (D:2)
  A worm (D:2)
  5 ball pythons
  4 endoplasms (D:2)
  6 giant cockroaches
  4 goblins
  2 hobgoblins (D:1)
  2 kobolds (D:1)
  2 quokkas (D:1)
  5 bats
  2 frilled lizards (D:2)
  3 rats
37 creatures vanquished.

Notes
Turn   | Place    | Note
-------+----------+-------------------------------------------
     0 | D:1      | KittyFluff the Gargoyle Berserker began the quest for the
                  | Orb.
     0 | D:1      | Reached XP level 1. HP: 14/14 MP: 1/1
   115 | D:1      | Reached XP level 2. HP: 16/19 MP: 2/2
   190 | D:1      | Found a faded altar of an unknown god.
   834 | D:2      | Reached XP level 3. HP: 23/23 MP: 3/3
  1009 | D:2      | Reached ** piety under Trog
  1182 | D:2      | Identified the amulet of Ticvos {Acrobat Str+3}
  1763 | D:2      | Reached XP level 4. HP: 23/29 MP: 4/4
  1842 | D:3      | Found Belellocaz's Antique Weapon Emporium.
  1929 | D:3      | Noticed Ijyb
  1930 | D:3      | Blown up by Ijyb

Illustrated notes

Levels and vault maps discovered:
D:1:      doesnt_arrival_eight_statues, layout_basic,
          hellmonk_ecumenical_altar_inner_sanctum, skrybe_limestone_x
D:2:      layout_basic, chequers_serial_rivers_small_3
D:3:      minmay_bubble_buster, layout_loops_cross, serial_shops, shop_statue,
          uniq_grinder, uniq_ijyb

Skill      XL: |  1  2  3 |
---------------+----------+-----
Armour         | 3 |  3.5
Dodging        | 2 |  2.1
Fighting       | |  3.8
Maces & Flails | |  3.4

Action                   |  1- 3 |  4- 6 || total
-------------------------+-------+-------++-------
Melee: Mace              |   107 |     4 ||   111
 Stab: Sleeping          |     1 |       ||     1
Armor: Animal skin       |    11 |       ||    11
       Leather armour    |    33 |     2 ||    35
Dodge: Dodged            |    84 |     3 ||    87
